cohdb
Replays
Latest Replays
All Replays
Popular Replays
Top Player Replays
Match Explorer
How It Works
Community
CoH3 Stats
Reddit
Sign in to upload your games and track your stats! →
Sign in with Steam
Match 42653948
Unlisted
Match 42653948
Overview
Messages
Build Orders
End
Engineer Squad
Construct Barracks
Selects Advanced Infantry Battlegroup
Selects Advanced Infantry Battlegroup
Selects Advanced Infantry Battlegroup
Riflemen Squad
M1 Mortar Team
Riflemen Squad
Riflemen Squad
Selects Convert to Ranger Squad
Convert to Ranger Squad
Construct Medical Station
Convert to Ranger Squad
Selects Frontline Medical Station
Frontline Medical Station
Riflemen Squad
Convert to Ranger Squad
Selects Infantry Assault
Riflemen Squad
寒鸦
matrix4x4
GREATSWORD FOR THE LIFE
Juicethekidd
GreyGreyWater
Tr3adstone
chendulin
Town center attack
0
0
Comments
sign in to comment!
No comments posted yet!